Cogmind - Beta 17 @@@ ROGUE MODE // 2026.06.30 @ 18:15:56 // Winter2019/RPGLIKE Player: Willow Result: Self-destructed Performance ------------- Evolutions (3) 1500 Regions Visited (9) 1800 Robots Destroyed (172) 860 Value Destroyed (5704) 5704 Prototype IDs (15) 300 Alien Tech Used (0) 0 Bonus (809) 809 TOTAL SCORE: 10973 Bonus ------- High Alert Combat Kills 423 Entered Garrisons 400 Friendly Fire -14 Cogmind --------- Core Integrity 900/900 Matter 259/300 Energy 160/160 System Corruption 0% Temperature Cool (0) Movement Rolling (100) Ox2 Location -7/Factory Parts ------- > --- POWER (1) -------- Light Fission Core > --- PROPULSION (3) --- Armored Treads Advanced Treads Wheel > --- UTILITY (8) ------ Improved Sensor Array Improved Signal Interpreter Advanced Targeting Computer Advanced Targeting Computer Transmission Jammer Hardened Medium Armor Plating Hacking Suite System Shield > --- WEAPON (4) ------- Heavy Particle Cannon Minigun Minigun Minigun > --- INVENTORY (3) ---- High-capacity Matter Pod (200) Improved EM Pulse Cannon Heavy Rocket Launcher Peak State ------------ > --- POWER ------------ Light Angular Momentum Engine > --- PROPULSION ------- Armored Treads Advanced Treads Wheel > --- UTILITY ---------- Improved Sensor Array Improved Signal Interpreter Advanced Targeting Computer Advanced Targeting Computer Transmission Jammer Hardened Medium Armor Plating Hacking Suite System Shield > --- WEAPON ----------- Heavy Particle Cannon Minigun Minigun Minigun > --- INVENTORY -------- High-capacity Matter Pod EM Pulse Cannon Heavy Rocket Launcher [Rating: 49] Favorites ----------- Power Enhanced Nuclear Core Engine Light Ion Engine Power Core Enhanced Nuclear Core Propulsion Light Treads Treads Light Treads Wheel Wheel Utility Advanced Targeting Computer Device Improved Sensor Array Storage High-capacity Matter Pod Processor Advanced Targeting Computer Hackware System Shield Protection Hardened Medium Armor Plating Weapon Minigun Energy Gun Precision Shock Rifle Energy Cannon Heavy Particle Cannon Ballistic Gun Minigun Launcher Heavy Rocket Launcher Build | -11 -10 -10 -10 -9 -8 -8 -8 -8 -7 ------- Run | Yrd Mat Min Exi Min Mat Gar Mat Gar Fac Slots Evolved 12 | 3 3 1 . . 2 . 3 . . Power . | . . . . . . . . . . Propulsion 2 | 1 1 . . . . . . . . Utility 7 | 1 1 1 . . 1 . 3 . . Weapon 3 | 1 1 . . . 1 . . . . Parts Attached 40 | 6 4 3 . 1 16 . 9 1 . Power 5 | 1 . . . . 2 . 1 1 . Engine 3 | 1 . . . . 1 . 1 . . Core 2 | . . . . . 1 . . 1 . Reactor . | . . . . . . . . . . Propulsion 5 | 2 1 . . . 1 . 1 . . Treads 4 | 1 1 . . . 1 . 1 . . Leg . | . . . . . . . . . . Wheel 1 | 1 . . . . . . . . . Hover . | . . . . . . . . . . Flight . | . . . . . . . . . . Utility 14 | 1 2 2 . . 5 . 4 . . Device 4 | 1 . 1 . . 1 . 1 . . Storage 1 | . 1 . . . . . . . . Processor 6 | . 1 1 . . 2 . 2 . . Hackware 2 | . . . . . 2 . . . . Protection 1 | . . . . . . . 1 . . Artifact . | . . . . . . . . . . Weapon 16 | 2 1 1 . 1 8 . 3 . . Energy Gun 3 | . . . . . 2 . 1 . . Energy Cannon 1 | . . . . . 1 . . . . Ballistic Gun 11 | 2 1 1 . 1 4 . 2 . . Ballistic Cannon . | . . . . . . . . . . Launcher 1 | . . . . . 1 . . . . Special Weapon . | . . . . . . . . . . Impact Weapon . | . . . . . . . . . . Slashing Weapon . | . . . . . . . . . . Piercing Weapon . | . . . . . . . . . . Special Melee Weapon . | . . . . . . . . . . Unidentified Prototypes 6 | . . 1 . . 4 . 1 . . Parts Lost . | . . . . . . . . . . Power . | . . . . . . . . . . Propulsion . | . . . . . . . . . . Utility . | . . . . . . . . . . Weapon . | . . . . . . . . . . Highest Loss Streak . | . . . . . . . . . . To Critical Strikes . | . . . . . . . . . . Average Backups 1 | . . . . . 1 3 3 3 3 Power . | . . . . . . . . . . Propulsion . | . . . . . . . . . . Utility . | . . . . . . 1 1 1 1 Weapon 1 | . . . . . . 2 2 2 2 Tool/Special . | . . . . . . . . . . Unused Backups 2 | . . . . . . . . 1 1 Power . | . . . . . . . . . . Propulsion . | . . . . . . . . . . Utility . | . . . . . . . . . . Weapon 2 | . . . . . . . . 1 1 Tool/Special . | . . . . . . . . . . Average Slot Usage (%) 98 | . 90 98 100 100 99 100 99 100 100 Engine 5 | . 12 9 9 9 2 . 1 4 . Core 2 | . . . . . 4 7 4 1 6 Treads 14 | . 14 18 18 18 15 15 13 12 12 Wheel 7 | . 12 9 9 9 7 7 6 6 6 Device 8 | . 12 9 9 9 5 7 7 12 12 Storage 2 | . 1 4 9 9 3 . . . . Processor 16 | . 8 18 18 18 15 15 19 18 18 Hackware 8 | . . . . . 13 15 13 12 12 Protection 1 | . . . . . . . 4 6 6 Energy Cannon 4 | . . . . . 7 7 6 6 6 Ballistic Gun 22 | . 26 28 27 27 20 23 19 18 18 Peak Build Rating 49 | 6 10 24 12 13 38 36 49 49 49 Average Rating 29 | 4 7 13 12 12 29 36 43 49 49 On Entrance 22 | . 6 10 12 12 13 36 36 49 49 Avg Prop Armor Cover (%) 14 | 13 13 16 16 16 15 16 12 11 12 Naked Turns . | . . . . . . . . . . Heaviest Build 34 | 8 13 15 15 16 27 24 34 34 32 Greatest Support 47 | 15 25 45 15 15 45 45 47 47 15 Greatest Overweight (x) 2 | . . . . 1 1 1 2 2 2 Average Overweight (x) . | . . . . . . . 1 1 2 Largest Inventory Capacity 3 | 1 2 2 2 2 3 3 3 3 3 Average Capacity 2 | 1 1 2 2 2 2 3 3 3 3 Most Carried 3 | . 2 2 2 2 3 3 3 3 3 Average Carried 2 | . 1 1 2 2 1 3 3 3 3 Final Capacity 3 | 1 2 2 2 2 3 3 3 3 3 Final Carried 3 | . 1 2 2 2 3 3 3 3 3 Class Distribution -------------------- 65% | Hacker-Gunner 19% | Gunner 14% | Mutant Dominant Class ---------------- Mutant | -10/Materials Gunner | -10/Mines Gunner | -10/Exiles Gunner | -9/Mines Hacker-Gunner | -8/Materials Hacker-Gunner | -8/Garrison Hacker-Gunner | -8/Materials Hacker-Gunner | -8/Garrison Hacker-Gunner | -7/Factory Resources | -11 -10 -10 -10 -9 -8 -8 -8 -8 -7 ----------- Run | Yrd Mat Min Exi Min Mat Gar Mat Gar Fac Matter Collected 3926 | 344 666 205 . 208 1039 198 677 589 . Remotely . | . . . . . . . . . . Salvage Created 6049 | 133 855 289 . 171 1889 413 1452 847 . Parts 389 | 11 81 21 . 12 94 21 85 64 . Haulers Intercepted 6 | . 2 . . . 2 . 2 . . Recyclers Shooed 1 | 1 . . . . . . . . . Parts Field Recycled . | . . . . . . . . . . Retrieved Matter . | . . . . . . . . . . Parts Self-Destructed . | . . . . . . . . . . Prevented . | . . . . . . . . . . Parts Restored . | . . . . . . . . . . Kills | -11 -10 -10 -10 -9 -8 -8 -8 -8 -7 ------- Run | Yrd Mat Min Exi Min Mat Gar Mat Gar Fac Combat Hostiles Destroyed 147 | . 26 9 . 7 39 11 30 25 . Guns 109 | . 26 9 . 7 22 8 20 17 . Cannons 35 | . . . . . 14 3 10 8 . AOE 2 | . . . . . 2 . . . . Classes Destroyed 16 | 2 6 1 . . 6 . . 1 . Worker 1 | . . . . . 1 . . . . Builder 5 | . 1 . . . 3 . 1 . . Tunneler 4 | 3 . . . . . . 1 . . Hauler 6 | . 2 . . . 2 . 2 . . Recycler 3 | 1 1 1 . . . . . . . Mechanic 1 | . 1 . . . . . . . . Operator 1 | . . . . . 1 . . . . Watcher 4 | . 2 . . . 2 . . . . Swarmer 35 | . 9 3 . 6 7 . 2 8 . Grunt 80 | . 17 5 . 1 20 8 20 9 . Brawler 3 | . . . . . 1 1 . 1 . Duelist 1 | . . . . . 1 . . . . Sentry 18 | . . 1 . . 7 . 8 2 . Specialist 2 | . . . . . 2 . . . . Hunter 3 | . . . . . 1 2 . . . Programmer 5 | . . . . . . . . 5 . Best Kill Streak 8 | 4 6 3 . 4 8 5 4 4 . Combat Bots Only 6 | . 6 3 . 4 6 5 4 4 . Max Kills in Single Turn 4 | 1 2 1 . 1 4 2 2 2 . Gunslinging 1 | . 1 . . . 1 . . . . Exploded 2 | . . . . . 2 . . . . Melee . | . . . . . . . . . . Uniques/NPCs Destroyed . | . . . . . . . . . . Combat | -11 -10 -10 -10 -9 -8 -8 -8 -8 -7 -------- Run | Yrd Mat Min Exi Min Mat Gar Mat Gar Fac Hostile Shots Fired 488 | . 105 22 . 24 177 34 58 68 . Missed 162 | . 38 8 . 6 62 9 22 17 . Hits 326 | . 67 14 . 18 115 25 36 51 . Melee 2 | . . . . . 2 . . . . Projectile 324 | . 67 14 . 18 113 25 36 51 . Critical Strikes 10 | . 1 2 . . 3 2 1 1 . Part Disruptions 1 | . . . . . . . . 1 . Damage Taken 4162 | . 626 199 . 153 1560 375 612 637 . Core 3262 | . 518 156 . 121 1269 297 444 457 . Absorbed by Shields . | . . . . . . . . . . Redirected to Core 2586 | . 349 146 . 104 983 271 371 362 . Ignored by Resistances 166 | . 41 10 . 1 61 8 30 15 . Regen/Repaired (Parts) 84 | . . . . . 32 . 52 . . Core Remaining (%) 93 | 100 . . . 79 . . . 100 . Volleys Fired 383 | 14 71 17 . 12 104 27 75 63 . Largest 4 | 2 2 3 . 3 4 4 4 4 . Hottest 150 | 40 40 63 . 66 148 148 150 150 . Shots Fired 1092 | 28 142 52 . 36 335 81 213 205 . Gun 826 | 28 142 52 . 36 233 54 138 143 . Cannon 265 | . . . . . 101 27 75 62 . Launcher 1 | . . . . . 1 . . . . Special . | . . . . . . . . . . Kinetic 826 | 28 142 52 . 36 233 54 138 143 . Thermal 265 | . . . . . 101 27 75 62 . Explosive 1 | . . . . . 1 . . . . Electromagnetic . | . . . . . . . . . . Robot Hit Streak 26 | 10 11 15 . 6 22 18 26 20 . Robot Miss Streak 6 | 4 2 4 . 4 6 1 2 2 . Penetration Max . | . . . . . . . . . . Secondary Targets 6 | . 4 . . 1 1 . . . . Max Gunslinging Chain 1 | . 1 . . 1 1 . . . . Shots Hit Robots 666 | 18 93 33 . 23 202 44 118 135 . Core Hits 293 | 5 52 16 . 9 78 21 59 53 . Critical Kills 4 | . . . . 1 1 2 . . . Critical Parts Destroyed 5 | . 1 1 . . 1 . 1 1 . Critical Strikes 9 | . 1 1 . 1 2 2 1 1 . Meltdown 1 | . . . . . 1 . . . . Destroy 8 | . 1 1 . 1 1 2 1 1 . Melee Attacks . | . . . . . . . . . . Impact . | . . . . . . . . . . Slashing . | . . . . . . . . . . Piercing . | . . . . . . . . . . Sneak Attacks . | . . . . . . . . . . Combat Hostiles . | . . . . . . . . . . Follow-up Attacks . | . . . . . . . . . . Damage Inflicted 13107 | 232 1278 453 . 344 4465 975 2568 2790 2 Guns 8148 | 232 1270 444 . 329 2230 570 1439 1634 . Cannons 4544 | . . . . . 1865 405 1118 1156 . Explosions 370 | . . . . . 370 . . . . Melee . | . . . . . . . . . . Ramming 45 | . 8 9 . 15 . . 11 . 2 Kinetic 8148 | 232 1270 444 . 329 2230 570 1439 1634 . Thermal 4544 | . . . . . 1865 405 1118 1156 . Explosive 370 | . . . . . 370 . . . . Electromagnetic . | . . . . . . . . . . Impact . | . . . . . . . . . . Slashing . | . . . . . . . . . . Piercing . | . . . . . . . . . . Highest Corruption 2 | . 2 2 2 2 . . . 2 . Average Corruption 1 | . 1 2 2 2 . . . 1 . Corruption Purged . | . . . . . . . . . . Corruption Blocked . | . . . . . . . . . . Effects 22 | . 2 3 4 5 . . . 8 . Message Errors 7 | . . 1 2 2 . . . 2 . Matter Fused 5 | . . . . 2 . . . 3 . Heat Flow Errors 4 | . 1 . 1 1 . . . 1 . Data Loss (minor) 1 | . 1 . . . . . . . . Data Loss (major) 1 | . . . 1 . . . . . . Misfires 1 | . . 1 . . . . . . . Alerts 2 | . . 1 . . . . . 1 . Weapon Failures 1 | . . . . . . . . 1 . Overload Shots . | . . . . . . . . . . Overflow Damage 42 | . . . . . 7 4 10 21 . Projectiles 42 | . . . . . 7 4 10 21 . Explosions . | . . . . . . . . . . Melee . | . . . . . . . . . . Knockbacks 2 | . . 1 . 1 . . . . . Impact 2 | . . 1 . 1 . . . . . Kinetic . | . . . . . . . . . . Secondary . | . . . . . . . . . . Self-Inflicted Damage 129 | . . . . . 129 . . . . Shots 2 | . . . . . 2 . . . . Rammed 10 | . 4 2 . 2 . . 1 . 1 Targets Rammed 11 | . 5 2 . 2 . . 1 . 1 Kicked . | . . . . . . . . . . Crushed 1 | . 1 . . . . . . . . Highest Temperature 272 | . 236 48 272 228 256 81 233 254 . Average Temperature 55 | . 116 17 142 35 23 24 68 89 . Received Heat Transfer 1407 | . 246 102 . 6 522 108 288 135 . Effects 2 | . . . . . . . . 2 . Interference 2 | . . . . . . . . 2 . Siege Activations . | . . . . . . . . . . Martial Activations . | . . . . . . . . . . Shielding Activations . | . . . . . . . . . . Robots Disrupted . | . . . . . . . . . . Combat Hostiles . | . . . . . . . . . . Robots Corrupted . | . . . . . . . . . . Combat Hostiles . | . . . . . . . . . . Parts Fried . | . . . . . . . . . . Impact Corruptions . | . . . . . . . . . . Robots Melted 1 | . . . . . 1 . . . . Combat Hostiles 1 | . . . . . 1 . . . . Parts Melted 4 | . . . . . 2 . . 2 . Heat Transferred 6090 | . . . . . 2627 515 1554 1394 . Parts Sabotaged . | . . . . . . . . . . Parts Stolen . | . . . . . . . . . . Parts Stripped . | . . . . . . . . . . Power Chain Reactions . | . . . . . . . . . . Alert | -11 -10 -10 -10 -9 -8 -8 -8 -8 -7 ------- Run | Yrd Mat Min Exi Min Mat Gar Mat Gar Fac Maximum Alert Level 3 | . 2 1 . . 3 2 2 3 2 Low Security (%) 32 | 100 29 57 . 100 42 51 5 10 . Level 1 32 | . 46 42 . . 37 37 36 18 . Level 2 29 | . 23 . . . 17 11 58 37 100 Level 3 4 | . . . . . 1 . . 34 . Level 4 . | . . . . . . . . . . Level 5 . | . . . . . . . . . . High Security . | . . . . . . . . . . Max Security . | . . . . . . . . . . Peak Influence 860 | 10 495 304 . 87 707 414 587 860 451 Initial 451 | . . 170 . . 18 139 201 120 451 Average 310 | 1 281 148 . 35 251 235 424 539 427 Influence Increases 4561 | 20 799 259 . 187 1312 275 969 740 . Destroy 0b10 Robot/C 2940 | . 520 180 . 140 780 220 600 500 . Destroy 0b10 Robot/NC 130 | 20 35 5 . . 45 . 20 5 . Destroy Leader 580 | . 108 30 . 20 188 10 184 40 . Allied During Kill 14 | . . 14 . . . . . . . Successful Hack 45 | . 8 . . 12 8 . 7 10 . Select Force Hacks 320 | . 110 . . . 120 . 90 . . Disable Machine 75 | . . . . . 30 . 30 15 . Anti-Garrison Action 50 | . . . . . . . . 50 . Destroy Structure 212 | . 3 . . . 81 45 23 60 . Lose Combat Pursuer 195 | . 15 30 . 15 60 . 15 60 . Influence Decreases 4160 | 20 362 696 . 140 1145 75 1197 66 459 Entered New Map 1059 | . . 267 . . 29 75 213 66 409 Time Decay 1871 | 20 362 249 . 140 516 . 534 . 50 Lost Ally 180 | . . 180 . . . . . . . Purge Threat 1050 | . . . . . 600 . 450 . . Squads Dispatched 24 | . 8 . . . 9 . 6 . 1 Investigation 17 | . 6 . . . 4 . 6 . 1 Extermination . | . . . . . . . . . . Reinforcement 4 | . 2 . . . 2 . . . . Assault . | . . . . . . . . . . Garrison 3 | . . . . . 3 . . . . Intercept . | . . . . . . . . . . Searches Triggered . | . . . . . . . . . . Construction Impeded . | . . . . . . . . . . Haulers Reinforced . | . . . . . . . . . . Active Scanning Responses . | . . . . . . . . . . Cargo Convoy Interrupts . | . . . . . . . . . . Stealth | -11 -10 -10 -10 -9 -8 -8 -8 -8 -7 --------- Run | Yrd Mat Min Exi Min Mat Gar Mat Gar Fac Distress Signals 6 | . 2 1 . . 1 . 2 . . Communications Jammed . | . . . . . . . . . . Distress Signals . | . . . . . . . . . . Times Spotted 202 | . 38 11 . 9 59 11 44 30 . Peak Tracking Total 7 | . 4 3 . 4 7 5 5 5 . Tactical Retreats 11 | . 1 2 . 1 4 . 1 2 . Traps | -11 -10 -10 -10 -9 -8 -8 -8 -8 -7 ------- Run | Yrd Mat Min Exi Min Mat Gar Mat Gar Fac Traps Triggered 16 | . 4 . . . 1 1 4 6 . Indirectly . | . . . . . . . . . . Trap Hack Attempts . | . . . . . . . . . . Triggered . | . . . . . . . . . . Disarmed . | . . . . . . . . . . Reprogrammed . | . . . . . . . . . . Reused . | . . . . . . . . . . Traps Extracted . | . . . . . . . . . . Installed . | . . . . . . . . . . Triggered . | . . . . . . . . . . Machines | -11 -10 -10 -10 -9 -8 -8 -8 -8 -7 ---------- Run | Yrd Mat Min Exi Min Mat Gar Mat Gar Fac Machines Disabled 6 | . . 1 . . 2 . 2 1 . Max in Single Turn 2 | . . 1 . . 2 . 1 1 . Machines Repaired . | . . . . . . . . . . Machines Dismantled . | . . . . . . . . . . Machines Sabotaged 1 | . 1 . . . . . . . . Overloaded Fab Kills . | . . . . . . . . . . Hacking | -11 -10 -10 -10 -9 -8 -8 -8 -8 -7 --------- Run | Yrd Mat Min Exi Min Mat Gar Mat Gar Fac Machines Accessed 46 | . 8 2 1 1 14 1 12 4 3 Terminals 27 | . 5 . . 1 8 1 7 4 1 Fabricators . | . . . . . . . . . . Repair Stations 3 | . 1 . . . 1 . 1 . . Recycling Units 6 | . 2 . . . 2 . 2 . . Scanalyzers 4 | . . . . . 2 . 1 . 1 Garrison Access 3 | . . . . . 1 . 1 . 1 Total Hacks 155 | . 21 2 1 3 55 1 50 11 11 Successful 100 | . 11 2 1 3 39 1 35 4 4 Failed 52 | . 10 . . . 15 . 14 7 6 Catastrophic 4 | . . . . . 2 . 1 . 1 Database Lockouts 3 | . . . . . 1 . 1 . 1 Manual 97 | . 18 . . 4 39 . 30 . 6 Terminals 123 | . 16 . . 3 48 1 38 11 6 Fabricators . | . . . . . . . . . . Repair Stations 6 | . 1 . . . 2 . 3 . . Recycling Units 8 | . 4 . . . 2 . 2 . . Scanalyzers 8 | . . . . . 2 . 5 . 1 Garrison Access 7 | . . . . . 1 . 2 . 4 Terminal Hacks 52 | . 3 2 1 3 21 1 16 4 1 Record 2 | . . . 1 . . . 1 . . Robot Analysis 10 | . 2 . . 3 4 . 1 . . Prototype ID Bank 5 | . . . . . 2 . 3 . . Open Door 2 | . . 2 . . . . . . . Branch Access Points 2 | . . . . . 1 . . . 1 Emergency Access Points 3 | . . . . . 1 1 . 1 . Terminal Index 3 | . 1 . . . 1 . 1 . . Recycling Unit Index 2 | . . . . . 1 . 1 . . Scanalyzer Index 1 | . . . . . . . 1 . . Garrison Index 1 | . . . . . . . 1 . . Alert Level 8 | . . . . . 5 . 3 . . Unreport Threat 7 | . . . . . 4 . 3 . . Investigation Status 1 | . . . . . 1 . . . . Hauler Manifests 2 | . . . . . 1 . 1 . . Garrison Registry 1 | . . . . . . . . 1 . Patrol Navigation 1 | . . . . . . . . 1 . Security Stations 1 | . . . . . . . . 1 . Fabricator Hacks . | . . . . . . . . . . Repair Station Hacks 4 | . . . . . 2 . 2 . . Scan Component 2 | . . . . . 1 . 1 . . Repair 2 | . . . . . 1 . 1 . . Recycling Unit Hacks . | . . . . . . . . . . Scanalyzer 3 | . . . . . . . 2 . 1 Retrieve Study 3 | . . . . . . . 2 . 1 Garrison Access Hacks 2 | . . . . . 1 . 1 . . Unlock Access 2 | . . . . . 1 . 1 . . Unauthorized Hacks 39 | . 8 . . . 15 . 14 . 2 Terminals 28 | . 5 . . . 11 . 10 . 2 Assimilate 1 | . . . . . . . 1 . . Botnet 10 | . 2 . . . 3 . 4 . 1 Disrupt 1 | . . . . . 1 . . . . Operators 1 | . . . . . 1 . . . . Skim 14 | . 2 . . . 6 . 5 . 1 Sabotage 1 | . 1 . . . . . . . . Fabricators . | . . . . . . . . . . Repair Stations 2 | . 1 . . . . . 1 . . Patch 2 | . 1 . . . . . 1 . . Recycling Units 6 | . 2 . . . 2 . 2 . . Tunnel 6 | . 2 . . . 2 . 2 . . Scanalyzers 3 | . . . . . 2 . 1 . . Extract 3 | . . . . . 2 . 1 . . Garrison Access . | . . . . . . . . . . Data Cores Recovered 1 | . . . . . 1 . . . . Used 1 | . . . . . 1 . . . . Hacking Detections 20 | . 3 . . 1 6 . 5 4 1 Full Trace Events 6 | . 1 . . . 1 . 2 1 1 Feedback Events . | . . . . . . . . . . Feedback Blocked . | . . . . . . . . . . Robot Schematics Acquired . | . . . . . . . . . . Robots Built . | . . . . . . . . . . Authchips . | . . . . . . . . . . Time . | . . . . . . . . . . Total Robot Build Rating . | . . . . . . . . . . Part Schematics Acquired 12 | . . . . . 11 . 1 . . Parts Built . | . . . . . . . . . . Authchips . | . . . . . . . . . . Time . | . . . . . . . . . . Total Part Build Rating . | . . . . . . . . . . Part Studies Acquired 3 | . . . . . . . 2 . 1 Parts Repaired 2 | . . . . . 1 . 1 . . Time 126 | . . . . . 88 . 38 . . Parts Recycled . | . . . . . . . . . . Recycled Matter . | . . . . . . . . . . Retrieved Matter . | . . . . . . . . . . Retrieved Components . | . . . . . . . . . . Parts Scanalyzed . | . . . . . . . . . . Part Schematics Acquired . | . . . . . . . . . . Parts Damaged . | . . . . . . . . . . Bothacking | -11 -10 -10 -10 -9 -8 -8 -8 -8 -7 ------------ Run | Yrd Mat Min Exi Min Mat Gar Mat Gar Fac Used RIF Installer . | . . . . . . . . . . Robots Hacked . | . . . . . . . . . . Non-combat . | . . . . . . . . . . Combat . | . . . . . . . . . . Robot Hacks Applied . | . . . . . . . . . . Relay Couplers Released . | . . . . . . . . . . Fabnet Peak Effective % . | . . . . . . . . . . Robots Rewired . | . . . . . . . . . . Allies Hacked . | . . . . . . . . . . Hacks Repelled . | . . . . . . . . . . Allies | -11 -10 -10 -10 -9 -8 -8 -8 -8 -7 -------- Run | Yrd Mat Min Exi Min Mat Gar Mat Gar Fac Total Allies 2 | . . 2 . . . . . . . Largest Group 2 | . . 2 2 . . . . . . Highest-Rated Group 42 | . . 42 42 . . . . . . Highest-Rated Ally 31 | . . 31 31 . . . . . . Total Orders 4 | . . 4 . . . . . . . ROAM 2 | . . 2 . . . . . . . EXPLORE 2 | . . 2 . . . . . . . Ally Attacks 11 | . . 11 . . . . . . . Total Damage . | . . . . . . . . . . Kills . | . . . . . . . . . . Allies Corrupted 1 | . . 1 . . . . . . . Allies Melted . | . . . . . . . . . . Intel | -11 -10 -10 -10 -9 -8 -8 -8 -8 -7 ------- Run | Yrd Mat Min Exi Min Mat Gar Mat Gar Fac Active Infowar (turns) 5519 | 6 855 493 221 392 1193 10 1473 765 111 Sensors 2464 | . . . . . 936 10 1461 8 49 Seismic 2224 | 6 855 493 221 392 257 . . . . Machine Analysis 834 | . . . . . . . 834 . . Jamming 1161 | . . . . . . . 285 765 111 Robot Analysis Total 10 | . 2 . . 3 4 . 1 . . Derelict Logs Recovered 3 | . . 1 . 2 . . . . . Drone Launches 16 | . . 16 . . . . . . . Drone Recoveries . | . . . . . . . . . . Exploration | -11 -10 -10 -10 -9 -8 -8 -8 -8 -7 ------------- Run | Yrd Mat Min Exi Min Mat Gar Mat Gar Fac Turns Passed 6296 | 92 855 583 221 392 1522 235 1507 778 111 Spaces Moved 4549 | 50 693 449 132 401 986 159 1041 529 109 Core 1 | 1 . . . . . . . . . Treads 186 | . 10 2 . . 6 2 112 54 . Legs . | . . . . . . . . . . Wheels 4362 | 49 683 447 132 401 980 157 929 475 109 Hover . | . . . . . . . . . . Flight . | . . . . . . . . . . Fastest Speed 50 | 50 80 80 80 80 80 95 95 100 100 Average Speed 95 | 79 81 80 80 85 95 95 112 105 100 Slowest Speed 250 | 80 160 160 80 95 165 165 250 157 100 Overloaded Moves . | . . . . . . . . . . Propulsion Burnouts . | . . . . . . . . . . Robots Hopped . | . . . . . . . . . . Potential Cave-ins 2 | . . 2 . . . . . . . Cave-ins Triggered . | . . . . . . . . . . Exploration Rate (%) 61 | 3 93 99 49 94 82 38 78 77 5 Regions Visited 9 Branch Regions 3 Pre-discovered Areas 12 | . 2 1 1 . 5 . 3 . . Known Exits Taken 6 | . 1 1 1 1 1 . 1 . . Unknown Exits Taken 1 | 1 . . . . . . . . . Scrap Searched 3 | . . . . 3 . . . . . Spaces Dug 33 | . . . . . 22 . 11 . . Terrain Destroyed 113 | . . . . . 83 . 30 . . Melee . | . . . . . . . . . . Projectile 58 | . . . . . 28 . 30 . . AOE 55 | . . . . . 55 . . . . Terrain Rammed . | . . . . . . . . . . Walls Destroyed . | . . . . . . . . . . Machines Disabled . | . . . . . . . . . . Actions | -11 -10 -10 -10 -9 -8 -8 -8 -8 -7 --------- Run | Yrd Mat Min Exi Min Mat Gar Mat Gar Fac Total 5768 | 71 840 633 247 422 1349 194 1259 643 110 Wait 505 | 2 23 135 116 5 149 1 67 7 . Move 4539 | 49 692 448 131 400 985 158 1041 526 109 Hop . | . . . . . . . . . . Pick Up 9 | . 4 2 . . 2 . . 1 . Fast Attach 45 | 6 3 8 . . 17 . 11 . . Attach 2 | . 1 1 . . . . . . . Detach 2 | . . 1 . . 1 . . . . Swap 17 | . . 1 . 1 9 . 5 1 . Drop 36 | . 2 9 . . 17 . 6 2 . Fire 383 | 14 71 17 . 12 104 27 75 63 . Melee . | . . . . . . . . . . Ram . | . . . . . . . . . . Kick . | . . . . . . . . . . Crush 11 | . 5 2 . 2 . . 1 . 1 Escape Stasis 13 | . . . . . . 3 . 10 . Rewire . | . . . . . . . . . . Trap . | . . . . . . . . . . Miscellaneous 206 | . 39 9 . 2 65 5 53 33 . Route ------- -11/Scrapyard -10/Materials (discovered 4 exits: [*Mat x3] / *Min) -10/Mines (discovered 4 exits: [*Mat x2] / *Exi / *Sub) -10/Exiles -9/Mines (discovered 2 exits: *Mat x2) -8/Materials (discovered 4 exits: *Fac x3 / Gar) -8/Garrison -8/Materials (discovered 4 exits: *Fac x3 / Gar) -8/Garrison (discovered 3 exits: *Fac x3) -7/Factory (discovered 2 exits: Low x2) History --------- Turn | Location | Event 1 | -11/Scrapyard | Upgraded with Propulsion slot (x1) 1 | -11/Scrapyard | Upgraded with Utility slot (x1) 1 | -11/Scrapyard | Upgraded with Weapon slot (x1) 10 | -11/Scrapyard | Discovered new exit (range 15) 93 | -11/Scrapyard | Entered Materials 278 | -10/Materials | Discovered new exit (range 12) 323 | -10/Materials | Build established: Mutant 409 | -10/Materials | Reached level 2 485 | -10/Materials | Discovered new exit (range 4) 519 | -10/Materials | Discovered new exit (range 7) 583 | -10/Materials | Upgraded with Utility slot (x1) 743 | -10/Materials | Reached level 3 809 | -10/Materials | Upgraded with Propulsion slot (x1) 809 | -10/Materials | Upgraded with Weapon slot (x1) 821 | -10/Materials | Discovered new exit (range 10) 947 | -10/Materials | Identified exit to Mines 948 | -10/Materials | Entered Mines 953 | -10/Mines | Joined a pair of Derelicts in attacking an 0b10 outpost 994 | -10/Mines | Discovered new exit (range 10) 1002 | -10/Mines | Reached level 4 1029 | -10/Mines | Found a hidden stash of uninstalled traps 1092 | -10/Mines | A weapon hastily lodged in a ceiling crevice suddenly fell to the ground 1180 | -10/Mines | Upgraded with Utility slot (x1) 1208 | -10/Mines | Found the Drone Emporium 1213 | -10/Mines | Found Prototype Device 1213 | -10/Mines | Identified Bomb Drone Bay 1233 | -10/Mines | Assembled infested the area 1240 | -10/Mines | Build established: Gunner 1268 | -10/Mines | Discovered new exit (range 34) 1282 | -10/Mines | Discovered new exit (range 69) 1376 | -10/Mines | Met a Derelict who couldn't figure out how to use a Trap Extractor 1441 | -10/Mines | Identified exit to Subcaves 1476 | -10/Mines | Deemed a non-threat by the Exiles lab entrance 1476 | -10/Mines | Discovered new exit (range 5) 1478 | -10/Mines | Identified exit to Exiles 1531 | -10/Mines | Entered Exiles 1531 | -10/Exiles | Accompanied by 2 allies 1551 | -10/Exiles | Met 8R-AWN 1561 | -10/Exiles | Led the pair of lost Derelicts to a safe place 1565 | -10/Exiles | Met EX-HEX 1603 | -10/Exiles | Learned location of Zion (-6) 1626 | -10/Exiles | Discovered new exit (range 14) 1635 | -10/Exiles | Identified exit to Mines 1752 | -10/Exiles | Entered Mines 1781 | -9/Mines | Learned Materials emergency access door positions 1784 | -9/Mines | Discovered new exit (range 11) 1791 | -9/Mines | Identified exit to Materials 1801 | -9/Mines | Reached level 5 1850 | -9/Mines | Received a Rocket Launcher from a helpful Derelict 1968 | -9/Mines | Discovered exit to Materials (range 6) 2144 | -9/Mines | Entered Materials 2146 | -8/Materials | Reached level 6 2203 | -8/Materials | Upgraded with Utility slot (x1) 2272 | -8/Materials | Discovered new exit (range 5) 2275 | -8/Materials | Identified exit to Factory 2440 | -8/Materials | Core integrity fell below 50% 2445 | -8/Materials | Reached level 7 2457 | -8/Materials | Core integrity fell below 20% 2490 | -8/Materials | Build established: Hacker-Gunner 2655 | -8/Materials | Upgraded with Weapon slot (x1) 2779 | -8/Materials | Central database locked down 2974 | -8/Materials | Garrison activated, responded to threat 2977 | -8/Materials | Reached level 8 3042 | -8/Materials | Identified exit to Garrison 3108 | -8/Materials | Reached level 9 3162 | -8/Materials | Discovered exit to Factory (range 8) 3277 | -8/Materials | Discovered exit to Factory (range 17) 3338 | -8/Materials | Learned Factory trap positions 3435 | -8/Materials | Repaired Broken Enh. Nuclear Core 3451 | -8/Materials | Learned Factory garrison access intel 3597 | -8/Materials | Reached level 10 3666 | -8/Materials | Entered Garrison 3787 | -8/Garrison | Triggered checkpoint 3787 | -8/Garrison | Triggered checkpoint 3838 | -8/Garrison | Reached level 11 3878 | -8/Garrison | Discovered new exit (range 12) 3900 | -8/Garrison | Identified exit to Materials 3901 | -8/Garrison | Entered Materials 4272 | -8/Materials | Upgraded with Utility slot (x2) 4283 | -8/Materials | Reached level 12 4342 | -8/Materials | Repaired Hvy. Particle Cannon 4643 | -8/Materials | Learned Factory emergency access door positions 4719 | -8/Materials | Central database locked down 4732 | -8/Materials | Learned Storage trap positions 4785 | -8/Materials | Learned location of 1 exit from Extension 4794 | -8/Materials | Learned location of 1 exit from Extension 4813 | -8/Materials | Learned Factory machine intel 4844 | -8/Materials | Learned location of 1 exit from Storage 4896 | -8/Materials | Upgraded with Utility slot (x1) 5408 | -8/Materials | Identified exit to Garrison 5408 | -8/Materials | Entered Garrison 5408 | -8/Garrison | Reached level 13 5466 | -8/Garrison | Triggered checkpoint 5628 | -8/Garrison | Triggered checkpoint 5675 | -8/Garrison | Watched by a mysterious "MATRIX" hacker 5689 | -8/Garrison | Discovered exit to Factory (range 12) 5700 | -8/Garrison | Attempted to access garrison exit controls, blocked by remote lockdown 5728 | -8/Garrison | Triggered checkpoint 5845 | -8/Garrison | Discovered exit to Factory (range 49) 5845 | -8/Garrison | Discovered exit to Factory (range 21) 5845 | -8/Garrison | Discovered exit to Factory (range 48) 5908 | -8/Garrison | Learned Factory security intel 5938 | -8/Garrison | Triggered checkpoint 5940 | -8/Garrison | Triggered checkpoint 6060 | -8/Garrison | Attempted to access garrison exit controls, blocked by remote lockdown 6186 | -8/Garrison | Entered Factory 6187 | -7/Factory | Loaded intel: 83 trap records 6188 | -7/Factory | Reached level 14 6190 | -7/Factory | Loaded intel: 288 machine locations 6191 | -7/Factory | Loaded intel: 4 garrison access locations 6256 | -7/Factory | Identified exit to Lower Caves 6256 | -7/Factory | Central database locked down 6297 | -7/Factory | Self-destructed Last Messages --------------- Found 2 branch access points: (24,17) Lower Caves (84,181) Lower Caves Map updated. >>Trojan(Skim) Trojan loaded successfully. Testing... Terminal linked with 0 systems. Please expand to 4 more systems! >>Trojan(Botnet) Trojan loaded successfully. Testing... Terminal linked with 0 systems. Awaiting botnet instructions. 06256_ ALERT: Central database lockdown, local access denied. 06281_ K-01 Serf cleans the Garrison Access. 06284_ Connecting with Garrison Access... 06284_ ALERT: Suspicious activity at Garrison Access F001. Dispatching Investigation squad. 06285_ K-01 Serf cleans the Garrison Access. Map ----- +----------------------------------------------------+ | ?????????????????????????????????????????????????? | | ???????????????+??????????????????????????????"""" | | ?????????????????????????????????????????????????? | | ???????????????????????????????????????????? ?"""" | | ???????????????????????????????????????????# | | ???????????????????????????????????????????# """" | | ????????????????????+??????????????????????# | | ???????????????????????????????????????????# """" | | ?????????????????"""???????????????????????# | | ?????????????????"Y"???????????????????????? """" | | ?????????????????????????????????????????????? | | ???????????????????????????????????????????????? | | ??????????????????????????????????????????????#### | | ?????????????????"""""""??????????????????????# | | ?????????????????"""""""??????????????????????# | | ?????????????????"""""""?????????????????""""?# | | ?????????????????"""""""????????????????""S""?# | | ????????????????????????????????????????""?""?# | | ??????????????????????????????????????????????# | | ???????????###########+##########?????????????# | | ??????????? ?????????????# | | ????????????? ??????????????# | | ????????????"""" ]]= """" ??????????????# | | ????????????"""" ]== """" ?? ??????????# | | ???????? ???"""" ]== """" """ ?????????# | | ???????! ??"""" @ """" """ ????????# | | ??????! """" """" """ ######### | | ??????! """" """" F" | | ????? """" """" """ | | ????? "" | | ????? | | ?????? | | ?????^^ ############+### ##### | | ?????? ^ #??????????????# # | | ???????^?""""" ^ ^ #??????????????# # | | ???????? """"" ###????????????# + = | | ???????? """ +????????????+ # | | ??? """ """ *###????????????# # """ | | ??? """G""" #??????????????# # """ | | ??????#?######+######## #??????????????##### # """ | | ???????????? ????????# #??????????????????# # """ | | """""?????"""????"""??# #??????????????????# # """ | | """""?????"""????"R"??# #??????????????????# # """ | | """""?????"""????"?"??# ###????????????????# # """ | | """""?????????????????# +????????????????# # ?? | | ??????????????????????# #??????#+######### # ?? | | """""?????????????????# #####??# = # ###?? | | """""?????????????????# #??# + #???? | | """""?????????????????#+##### #??# ] ###???? | | """""????????????????# ??# #### #?????? | +----------------------------------------------------+ Best States ------------- Heat Dissipation 55 Energy Generation 23 Energy Capacity 300 Matter Stores 500 Matter Capacity 500 Sight Range 17 Robot Scan Range 15 Terrain Scan Density 10 Jamming Range 12 Armor Coverage 225 Resistance: TH 5 Evasion (%) 44 Targeting Accuracy 16 Recoil Reduction 2 Offensive Hacking 20 Defensive Hacking 20 Item Schematics ----------------- Imp. Sensor Array | -8/Materials | Extracted Particle Gun | -8/Materials | Extracted Aerolev Unit | -8/Materials | Extracted Hpw. Shotgun | -8/Materials | Extracted Targeting Computer | -8/Materials | Extracted Hardlight Generator | -8/Materials | Extracted Mining Claw | -8/Materials | Extracted System Shield | -8/Materials | Extracted Prc. Beam Rifle | -8/Materials | Extracted Sml. Matter Pod | -8/Materials | Extracted Com. Wheel | -8/Materials | Extracted Great Maul | -8/Materials | Extracted Robot Schematics ------------------ None Fabricated ------------ Nothing Repaired ---------- Enh. Nuclear Core | 73% | -8/Materials | Broken Hvy. Particle Cannon | 60% | -8/Materials Studied --------- Wheel | -8/Materials | Hacked Minigun | -8/Materials | Hacked Imp. EM Pulse Cannon | -7/Factory | Hacked Alien Tech Used ----------------- None Achievements -------------- None Challenges ------------ None RPGLIKE | -11 -10 -10 -10 -9 -8 -8 -8 -8 -7 --------- Run | Yrd Mat Min Exi Min Mat Gar Mat Gar Fac Levels Raised 13 | . 2 1 . 1 5 1 1 1 1 XP Earned 23566 | 3000 3665 1550 200 1360 7110 1583 2530 1068 1500 XP Spent 18300 | 3000 2900 1100 . . 5300 . 6000 . . Upgrades 36 | 10 4 1 . . 18 . 3 . . Propulsion Slot 2 | 1 1 . . . . . . . . Utility Slot 7 | 1 1 1 . . 1 . 3 . . Weapon Slot 3 | 1 1 . . . 1 . . . . Core Integrity 6 | . . . . . 6 . . . . Heat Dissipation 5 | . . . . . 5 . . . . Energy Generation 1 | . . . . . 1 . . . . Mass Support 1 | 1 . . . . . . . . . Inventory Capacity 3 | 1 1 . . . 1 . . . . Sight Range 1 | . . . . . 1 . . . . Ranged Accuracy 1 | 1 . . . . . . . . . Hack Attack % 2 | 1 . . . . 1 . . . . Hack Defense % 2 | 1 . . . . 1 . . . . TH Resistance % 1 | 1 . . . . . . . . . KI Damage % 1 | 1 . . . . . . . . . Protomatter Created 1937 | . 324 159 . 13 445 187 427 382 . Integrity Restored 4132 | . 638 164 . 39 1414 105 1137 635 . Core 3262 | . 518 116 . 39 1332 105 695 457 . Parts 870 | . 120 48 . . 82 . 442 178 . Protomatter Decayed 512 | . 102 196 . . 25 40 4 145 . Game ------ Seed UltimateRainbowPlatform Manual? 0 Play Time 01:14:33 Cumulative 368.4 hours Start 2026.06.29 @ 18:20:24 End 2026.06.30 @ 18:15:56 Sessions 2 Manual Loads 0 Difficulty Rogue Special Mode Winter2019/RPGLIKE Game No. 149 Rogue 101 Adventurer 44 Explorer 4 Win Type - Total 11 Types 4/3/0/1/1/1/0/1/0/0 Lore% 78 Gallery% 69 Achievement% 57 Wizard Run 0 Options --------- Layout 0 ASCII 0 Keyboard 0 Movement Arrows Keybinds 0 Fullscreen 2 Font 18/SmallcapsGlow Map View 76x50 Zoom Use 0% Tactical HUD 1 Map Filters NONE Filters NONE Steam 1 RUN: cbe99169-dd0d-423e-a5ad-1674f1f2738f